 Dungeon Crawl Stone Soup version 0.29.0-4-gdea44cf6ec (webtiles) character file.

Game seed: 11097093073707139567

11892 qw the Cleaver (level 11, -7/69 HPs)
             Began as a Gargoyle Berserker on Sept 5, 2022.
             Was an Elder of Trog.
             Mangled by a seven-headed hydra (9 damage)
             ... on level 11 of the Dungeon.
             The game lasted 00:04:10 (12659 turns).

qw the Cleaver (Gargoyle Berserker)                Turns: 12659, Time: 00:04:11

Health: -7/69      AC: 27    Str: 31    XL:     11   Next: 84%
Magic:  11/11      EV:  7    Int:  8    God:    Trog [****..]
Gold:   657        SH: 10    Dex:  9    Spells: 10/10 levels left

rFire   . . .      SeeInvis +   n - +0 morningstar
rCold   . . .      Faith    .   r - +0 kite shield
rNeg    + . .      Spirit   .   o - +0 plate armour
rPois   inf        Reflect  .   f - +0 helmet
rElec   +          Harm     .   u - +0 cloak
rCorr   .          Rampage  .   c - +2 pair of gloves
Will    .....                   (no boots)
Stlth   ..........              (no amulet)
HPRegen 0.21/turn               h - ring of see invisible
MPRegen 0.12/turn               p - +6 ring of strength

@: about to teleport, on berserk cooldown, slowed, very slow
A: sickness immunity, AC +8, negative energy resistance 1, electricity
resistance, torment resistance 1, petrification resistance
a: Renounce Religion, Berserk, Trog's Hand, Brothers in Arms


You were on level 11 of the Dungeon.
You worshipped Trog.
Trog was greatly pleased with you.
You visited 1 branch of the dungeon, and saw 11 of its levels.

You collected 657 gold pieces.


Innate Abilities, Weirdness & Mutations

You are immune to sickness and miasma.
Your stone body is resilient. (AC +8)
You are immune to poison.
You resist negative energy. (rN+)
You are resistant to electric shocks. (rElec)
You are resistant to unholy torment.
You are immune to petrification.


   Skills:
 + Level 8.9 Fighting
 - Level 11.0 Axes
 - Level 2.2 Throwing
 - Level 8.4 Armour
 - Level 2.8 Dodging
 - Level 10.0 Shields


You had 10 spell levels left.
You didn't know any spells.
Your spell library was empty.

Inventory:

Hand Weapons
 n - a +0 morningstar (weapon)
 Y - a +2 war axe of chaos
Missiles
 q - 12 boomerangs (quivered)
Armour
 c - a +2 pair of gloves (worn)
 f - a +0 helmet (worn)
 o - a +0 plate armour (worn)
 r - a +0 kite shield (worn)
 u - a +0 cloak (worn)
Jewellery
 h - a ring of see invisible (left hand)
 i - a ring of willpower
 p - a +6 ring of strength (right hand)
Scrolls
 k - 2 scrolls of identify
Potions
 b - 5 potions of curing
 d - a potion of cancellation
 e - 2 potions of might
 g - 2 potions of mutation
 l - 2 potions of resistance
 s - a potion of invisibility {unknown}

Dungeon Overview and Level Annotations

Branches:
Dungeon (11/15)            Temple (0/1) D:7             Orc (0/2) D:10
   Lair: D:8-11

Altars:
Cheibriados
Dithmenos
Elyvilon
Fedhas
Hepliaklqana
Kikubaaqudgha
Makhleb
Okawaru
Qazlal
Ru
Sif Muna
Trog
Uskayaw

Shops:
D:10 :


Message History

12655 ||| INVOKING Brothers in Arms.
Your black bear goes berserk!
Trog will no longer gift you weapons.
The seven-headed hydra roars!
A two-headed ogre comes into view.
It is wielding a +0 giant club and a +0 giant spiked club.
The two-headed ogre shouts in stereo!
Your black bear bites the seven-headed hydra!
Your black bear claws the seven-headed hydra.
Your black bear claws the seven-headed hydra!
The seven-headed hydra bites your black bear.
The seven-headed hydra barely misses your black bear.
The seven-headed hydra bites your black bear!
The seven-headed hydra bites your black bear but does no damage.
The seven-headed hydra barely misses your black bear.
The seven-headed hydra bites your black bear!
The seven-headed hydra barely misses your black bear.
12657 ||| SWAPPING to +0 morningstar.
n - a +0 morningstar (weapon)
Your black bear bites the seven-headed hydra.
Your black bear closely misses the seven-headed hydra.
Your black bear claws the seven-headed hydra.
Your black bear bites the seven-headed hydra.
Your black bear closely misses the seven-headed hydra.
Your black bear barely misses the seven-headed hydra.
The seven-headed hydra bites your black bear but does no damage.
The seven-headed hydra bites your black bear!
The seven-headed hydra bites your black bear.
The seven-headed hydra closely misses your black bear.
The seven-headed hydra bites your black bear.
The seven-headed hydra bites your black bear!
Your black bear dies!
Your black bear's corpse disappears in a puff of smoke!
12659 ||| READING scroll of teleportation.
As you read the scroll of teleportation, it crumbles to dust.
You feel strangely unstable. The seven-headed hydra bites you. x2
The seven-headed hydra bites you but does no damage.
You block the seven-headed hydra's attack.
The seven-headed hydra bites you!
You die...

......D..
#########
#################
.....OD@.........
.##.#############


You could see a seven-headed hydra and a two-headed ogre.

Vanquished Creatures
  A fire dragon (D:11)
  A hydra (D:11)
  A centaur warrior (D:11)
  4 two-headed ogres
  A manticore (D:11)
  A cyclops (D:11)
  A kobold demonologist (D:11)
  3 trolls
  A hornet (D:10)
  3 shadows
  2 vampires
  A wraith (D:11)
  A vampire mosquito (D:11)
  2 water moccasins
  A swamp drake (D:10)
  2 ice beasts
  4 orc warriors
  3 sky beasts
  2 black bears
  An ogre (D:4)
  5 centaurs
  7 kobold brigands
  7 bullfrogs
  2 necrophages
  A gnoll sergeant (D:8)
  A scorpion (D:6)
  6 killer bees (D:10)
  3 howler monkeys (D:11)
  3 hounds
  6 orc priests
  A gnoll bouda (D:9)
  4 iguanas
  9 orc wizards
  9 gnolls
  12 adders
  2 white imps (D:5)
  5 worms
  2 dart slugs
  55 orcs
  5 ball pythons
  8 bats
  4 endoplasms
  3 giant cockroaches
  11 goblins
  A hobgoblin (D:2)
  36 kobolds
  3 quokkas
  6 frilled lizards
  9 rats
262 creatures vanquished.

Vanquished Creatures (collateral kills)
  A boulder beetle (D:11)
1 creature vanquished.

Vanquished Creatures (others)
  A kobold zombie (D:10)
  48 plants (D:11)
49 creatures vanquished.

Grand Total: 312 creatures vanquished

Notes
Turn   | Place    | Note
-------+----------+-------------------------------------------
     0 | D:1      | qw the Gargoyle Berserker began the quest for the Orb.
     0 | D:1      | Reached XP level 1. HP: 14/14 MP: 1/1
     0 | D:1      | 0 ||| qw: Version: 0.1-a-104-g96f76f8
     0 | D:1      | 0 ||| qw: Game counter: 5946
     0 | D:1      | 0 ||| qw: Always use a shield: true
     0 | D:1      | 0 ||| qw: Do Orc after D:15 true
     0 | D:1      | 0 ||| qw: Do second Lair branch before Depths: true
     0 | D:1      | 0 ||| qw: Lair rune preference: random
     0 | D:1      | 0 ||| qw: Plans: Normal
     0 | D:1      | 0 ||| PLANNING D:1-11
   255 | D:1      | Reached skill level 3 in Axes
   396 | D:1      | Reached XP level 2. HP: 17/19 MP: 2/2
   428 | D:1      | 428 ||| Stepping ~*~*~tactically~*~*~ (stealth).
   430 | D:1      | 430 ||| Stepping ~*~*~tactically~*~*~ (stealth).
   528 | D:1      | 528 ||| DROPPING +0 club.
   610 | D:1      | 610 ||| Stepping ~*~*~tactically~*~*~ (stealth).
   636 | D:1      | 636 ||| DROPPING +0 mace.
   846 | D:1      | Reached XP level 3. HP: 18/23 MP: 3/3
   927 | D:1      | 927 ||| Stepping ~*~*~tactically~*~*~ (stealth).
   929 | D:1      | 929 ||| Stepping ~*~*~tactically~*~*~ (stealth).
  1041 | D:1      | Reached ** piety under Trog
  1129 | D:1      | Found a faded altar of an unknown god.
  1198 | D:1      | 1198 ||| INVOKING Berserk.
  1536 | D:1      | Reached skill level 4 in Axes
  1716 | D:1      | 1716 ||| UPGRADING to +0 pair of gloves.
  1721 | D:1      | 1721 ||| UPGRADING to +0 ring mail.
  1731 | D:1      | 1731 ||| DROPPING +0 animal skin.
  1732 | D:1      | 1732 ||| UPGRADING to ring of willpower.
  1733 | D:1      | 1733 ||| READING scroll labelled COGITHR YPSURGHOTELI.
  1734 | D:1      | 1734 ||| READING scroll labelled RESHRE CORUDY.
  1735 | D:1      | 1735 ||| READING scroll labelled OSEWNE ISORAUMN.
  1736 | D:1      | 1736 ||| DRINKING 2 metallic pink potions.
  1760 | D:1      | 1760 ||| DROPPING potion of lignification.
  1821 | D:2      | 1821 ||| READING scroll of enchant weapon.
  1821 | D:2      | 1821 ||| ENCHANTING +1 hand axe.
  2028 | D:2      | 2028 ||| INVOKING Berserk.
  2181 | D:2      | 2181 ||| INVOKING Berserk.
  2433 | D:2      | Reached XP level 4. HP: 28/28 MP: 4/4
  2516 | D:2      | 2516 ||| Stepping ~*~*~tactically~*~*~ (stealth).
  2590 | D:2      | 2590 ||| READING scroll of enchant weapon.
  2590 | D:2      | 2590 ||| ENCHANTING +2 hand axe.
  2732 | D:2      | 2732 ||| Stepping ~*~*~tactically~*~*~ (hiding).
  3161 | D:2      | 3161 ||| READING scroll labelled UGGICRODWOS.
  3162 | D:2      | 3162 ||| READING scroll labelled WOXZISKANT.
  3163 | D:2      | 3163 ||| DRINKING 4 fuming emerald potions.
  3164 | D:2      | 3164 ||| DRINKING 2 dark potions.
  3268 | D:2      | 3268 ||| DRINKING 2 metallic emerald potions.
  3269 | D:2      | 3269 ||| DROPPING potion of berserk rage.
  3530 | D:3      | Found a stormy altar of Qazlal.
  3564 | D:3      | 3564 ||| Stepping ~*~*~tactically~*~*~ (stealth).
  3674 | D:3      | 3674 ||| DROPPING +2 whip of draining.
  3712 | D:3      | Reached skill level 5 in Axes
  3723 | D:3      | Reached XP level 5. HP: 32/32 MP: 5/5
  4153 | D:3      | 4153 ||| Stepping ~*~*~tactically~*~*~ (stealth).
  4303 | D:3      | 4303 ||| UPGRADING to +0 chain mail.
  4313 | D:3      | 4313 ||| DROPPING +0 ring mail.
  4314 | D:3      | 4314 ||| READING 3 scrolls labelled USCHUT POFUINK.
  4319 | D:3      | 4319 ||| READING scroll labelled ZUDGHO WOYTYMA.
  4320 | D:3      | 4320 ||| READING scroll labelled HOIZER ZIATS.
  4321 | D:3      | 4321 ||| READING scroll labelled ZUERHA CY ONUW.
  4322 | D:3      | 4322 ||| DRINKING 2 brown potions.
  4323 | D:3      | 4323 ||| READING 2 scrolls of identify.
  4323 | D:3      | 4323 ||| IDENTIFYING black potion
  4324 | D:3      | 4324 ||| DROPPING potion of brilliance.
  4422 | D:4      | Noticed an ogre
  4427 | D:4      | 4427 ||| INVOKING Berserk.
  4434 | D:4      | Killed an ogre
  4435 | D:4      | Reached XP level 6. HP: 30/38 MP: 6/6
  4630 | D:4      | 4630 ||| Stepping ~*~*~tactically~*~*~ (stealth).
  4637 | D:4      | 4637 ||| FLEEEEING.
  4638 | D:4      | 4638 ||| FLEEEEING.
  4639 | D:4      | 4639 ||| FLEEEEING.
  4640 | D:4      | 4640 ||| FLEEEEING.
  4641 | D:4      | 4641 ||| FLEEEEING.
  4646 | D:4      | 4646 ||| FLEEEEING.
  4647 | D:4      | 4647 ||| FLEEEEING.
  4648 | D:4      | 4648 ||| FLEEEEING.
  4649 | D:4      | 4649 ||| FLEEEEING.
  4739 | D:4      | 4739 ||| Stepping ~*~*~tactically~*~*~ (hiding).
  4742 | D:4      | 4742 ||| Stepping ~*~*~tactically~*~*~ (hiding).
  4746 | D:4      | 4746 ||| INVOKING Berserk.
  4751 | D:4      | Reached *** piety under Trog
  4865 | D:4      | 4865 ||| SWAPPING to +0 war axe.
  4866 | D:4      | 4866 ||| DROPPING +3 hand axe.
  4867 | D:4      | 4867 ||| READING scroll of enchant weapon.
  4867 | D:4      | 4867 ||| ENCHANTING +0 war axe.
  4913 | D:4      | 4913 ||| Stepping ~*~*~tactically~*~*~ (stealth).
  5119 | D:4      | 5119 ||| Stepping ~*~*~tactically~*~*~ (stealth).
  5291 | D:4      | 5291 ||| UPGRADING to +0 helmet.
  5296 | D:4      | 5296 ||| READING 2 scrolls labelled SAEC XUGEXTUM.
  5297 | D:4      | 5297 ||| READING scroll labelled ETABOAKL BULE.
  5298 | D:4      | 5298 ||| DROPPING scroll of fear.
  5359 | D:5      | Entered Level 5 of the Dungeon
  5377 | D:5      | 5377 ||| Stepping ~*~*~tactically~*~*~ (hiding).
  5378 | D:5      | 5378 ||| Stepping ~*~*~tactically~*~*~ (hiding).
  5386 | D:5      | 5386 ||| INVOKING Berserk.
  5563 | D:5      | Found a hide-covered altar of Uskayaw.
  5563 | D:5      | Noticed a +0 dagger
  5564 | D:5      | Noticed a +0 spear
  5564 | D:5      | Noticed a +0 falchion
  5564 | D:5      | Noticed a +0 dagger
  5601 | D:5      | Noticed a +0 short sword
  5601 | D:5      | Noticed a +0 falchion
  5602 | D:5      | Noticed a +0 spear
  5603 | D:5      | Noticed a +0 short sword
  5619 | D:5      | 5619 ||| Stepping ~*~*~tactically~*~*~ (hiding).
  5620 | D:5      | 5620 ||| Stepping ~*~*~tactically~*~*~ (hiding).
  5626 | D:5      | 5626 ||| INVOKING Berserk.
  5631 | D:5      | Reached XP level 7. HP: 43/43 MP: 7/7
  5741 | D:5      | 5741 ||| Stepping ~*~*~tactically~*~*~ (stealth).
  5748 | D:5      | 5748 ||| INVOKING Berserk.
  5750 | D:5      | Reached skill level 3 in Armour
  5903 | D:5      | Reached skill level 6 in Axes
  5903 | D:5      | 5903 ||| FLEEEEING.
  5904 | D:5      | 5904 ||| FLEEEEING.
  5905 | D:5      | 5905 ||| FLEEEEING.
  5906 | D:5      | 5906 ||| FLEEEEING.
  5907 | D:5      | 5907 ||| FLEEEEING.
  5908 | D:5      | 5908 ||| FLEEEEING.
  5957 | D:5      | Found an iron altar of Okawaru.
  6064 | D:5      | Found an ancient bone altar of Kikubaaqudgha.
  6133 | D:5      | 6133 ||| INVOKING Berserk.
  6326 | D:5      | 6326 ||| READING scroll of enchant armour.
  6326 | D:5      | 6326 ||| ENCHANTING +0 pair of gloves.
  6398 | D:5      | 6398 ||| UPGRADING to +3 chain mail.
  6522 | D:5      | 6522 ||| UPGRADING to +0 chain mail.
  6527 | D:5      | 6527 ||| UPGRADING to +3 chain mail.
  6537 | D:5      | 6537 ||| DROPPING +0 chain mail.
  6538 | D:5      | 6538 ||| UPGRADING to +0 plate armour.
  6548 | D:5      | 6548 ||| DROPPING +3 chain mail.
  6565 | D:5      | 6565 ||| UPGRADING to +6 ring of strength.
  6566 | D:5      | 6566 ||| READING scroll labelled JOURAUZENU.
  6630 | D:5      | 6630 ||| READING scroll labelled BEROETUHUX.
  6631 | D:5      | 6631 ||| READING 2 scrolls of identify.
  6631 | D:5      | 6631 ||| IDENTIFYING inky potion
  6632 | D:5      | 6632 ||| DROPPING potion of ambrosia.
  6698 | D:6      | Reached skill level 7 in Axes
  6698 | D:6      | Reached XP level 8. HP: 38/48 MP: 8/8
  7108 | D:6      | 7108 ||| READING scroll of enchant weapon.
  7108 | D:6      | 7108 ||| ENCHANTING +1 war axe.
  7384 | D:6      | Reached skill level 8 in Axes
  7472 | D:6      | 7472 ||| DROPPING orb of mayhem.
  7473 | D:6      | 7473 ||| READING scroll labelled INLIER TAEKE.
  7474 | D:6      | 7474 ||| READING 3 scrolls of identify.
  7474 | D:6      | 7474 ||| IDENTIFYING glowing orange potion
  7475 | D:6      | 7475 ||| READING 2 scrolls of identify.
  7475 | D:6      | 7475 ||| IDENTIFYING fuming clear potion
  7630 | D:7      | Reached skill level 6 in Fighting
  7698 | D:7      | 7698 ||| Stepping ~*~*~tactically~*~*~ (stealth).
  7701 | D:7      | 7701 ||| Stepping ~*~*~tactically~*~*~ (stealth).
  7702 | D:7      | 7702 ||| Stepping ~*~*~tactically~*~*~ (stealth).
  7708 | D:7      | 7708 ||| Stepping ~*~*~tactically~*~*~ (stealth).
  7709 | D:7      | 7709 ||| Stepping ~*~*~tactically~*~*~ (stealth).
  7722 | D:7      | Reached XP level 9. HP: 54/55 MP: 9/9
  7740 | D:7      | 7740 ||| Stepping ~*~*~tactically~*~*~ (stealth).
  7749 | D:7      | 7749 ||| FLEEEEING.
  7750 | D:7      | 7750 ||| FLEEEEING.
  7753 | D:7      | 7753 ||| Stepping ~*~*~tactically~*~*~ (stealth).
  7754 | D:7      | 7754 ||| Stepping ~*~*~tactically~*~*~ (stealth).
  7759 | D:7      | 7759 ||| Stepping ~*~*~tactically~*~*~ (stealth).
  7779 | D:7      | 7779 ||| Stepping ~*~*~tactically~*~*~ (stealth).
  7781 | D:7      | 7781 ||| Stepping ~*~*~tactically~*~*~ (stealth).
  7793 | D:7      | 7793 ||| Stepping ~*~*~tactically~*~*~ (stealth).
  7897 | D:7      | Reached **** piety under Trog
  7948 | D:7      | Reached skill level 9 in Axes
  8192 | D:7      | Found a staircase to the Ecumenical Temple.
  8343 | D:7      | 8343 ||| UPGRADING to ring of see invisible.
  8345 | D:7      | 8345 ||| READING 2 scrolls of identify.
  8345 | D:7      | 8345 ||| IDENTIFYING amethyst potion
  8346 | D:7      | 8346 ||| DROPPING potion of magic.
  8375 | D:8      | 8375 ||| STAIRDANCE
  8419 | D:8      | 8419 ||| Stepping ~*~*~tactically~*~*~ (stealth).
  8427 | D:8      | 8427 ||| Stepping ~*~*~tactically~*~*~ (stealth).
  8433 | D:8      | 8433 ||| Stepping ~*~*~tactically~*~*~ (stealth).
  8474 | D:8      | Found a white marble altar of Elyvilon.
  8607 | D:8      | 8607 ||| Stepping ~*~*~tactically~*~*~ (hiding).
  8613 | D:8      | Reached skill level 6 in Armour
  8648 | D:8      | Identified the +9 bardiche of Fuademel {flame, Int+4
                  | Stlth+}
  8865 | D:8      | 8865 ||| Stepping ~*~*~tactically~*~*~ (hiding).
  8879 | D:8      | 8879 ||| INVOKING Berserk.
  9145 | D:8      | 9145 ||| UPGRADING to +0 kite shield.
  9150 | D:8      | 9150 ||| READING scroll labelled YNOEZXU ZYUMY.
  9189 | D:9      | 9189 ||| INVOKING Berserk.
  9252 | D:9      | Reached skill level 3 in Shields
  9323 | D:9      | Found a bloodstained altar of Trog.
  9378 | D:9      | Noticed a two-headed ogre
  9382 | D:9      | 9382 ||| INVOKING Berserk.
  9389 | D:9      | Killed a two-headed ogre
  9390 | D:9      | Reached skill level 6 in Shields
  9390 | D:9      | Reached XP level 10. HP: 63/63 MP: 10/10
  9753 | D:9      | Found a blossoming altar of Fedhas.
  9783 | D:9      | Found a burning altar of Makhleb.
  9847 | D:9      | Noticed a two-headed ogre
  9849 | D:9      | 9849 ||| Stepping ~*~*~tactically~*~*~ (hiding).
  9850 | D:9      | 9850 ||| Stepping ~*~*~tactically~*~*~ (hiding).
  9853 | D:9      | 9853 ||| INVOKING Berserk.
  9864 | D:9      | Killed a two-headed ogre
  9953 | D:9      | Noticed a two-headed ogre
  9958 | D:9      | 9958 ||| INVOKING Berserk.
  9961 | D:9      | Killed a two-headed ogre
  9962 | D:9      | Reached skill level 9 in Shields
 10121 | D:9      | Noticed a cyclops
 10121 | D:9      | Noticed a catoblepas
 10122 | D:9      | Noticed a cyclops
 10123 | D:9      | Noticed a boulder beetle
 10123 | D:9      | Identified the +1 battleaxe "Mannel" {holy, rF+ rN+ Stlth+}
 10123 | D:9      | Noticed a centaur warrior
 10169 | D:9      | Noticed a deep elf pyromancer
 10169 | D:9      | Noticed a torpor snail
 10170 | D:9      | Noticed a boulder beetle
 10171 | D:9      | Noticed a centaur warrior
 10214 | D:9      | Found a snail-covered altar of Cheibriados.
 10250 | D:9      | Noticed a cyclops
 10266 | D:9      | 10266 ||| DRINKING 6 potions of curing.
 10266 | D:9      | 10266 ||| (to cure confusion)
 10348 | D:9      | 10348 ||| UPGRADING to +0 cloak.
 10353 | D:9      | 10353 ||| READING scroll labelled JESOGR WUARE.
 10354 | D:9      | 10354 ||| READING 2 scrolls of identify.
 10354 | D:9      | 10354 ||| IDENTIFYING clear potion
 10368 | D:9      | Noticed a fire crab
 10430 | D:10     | Entered Level 10 of the Dungeon
 10472 | D:10     | Found a sacrificial altar of Ru.
 10514 | D:10     | 10514 ||| READING scroll of enchant armour.
 10514 | D:10     | 10514 ||| ENCHANTING +1 pair of gloves.
 10593 | D:10     | 10593 ||| INVOKING Berserk.
 10600 | D:10     | Reached ***** piety under Trog
 10606 | D:10     | Reached skill level 10 in Axes
 10802 | D:10     | 10802 ||| DROPPING +0 flail.
 10870 | D:10     | 10870 ||| INVOKING Berserk.
 11036 | D:10     | Found Vius Kao's Tremendous Tomes.
 11107 | D:10     | Noticed a two-headed ogre
 11111 | D:10     | 11111 ||| INVOKING Berserk.
 11115 | D:10     | Killed a two-headed ogre
 11116 | D:10     | Reached XP level 11. HP: 69/69 MP: 11/11
 11195 | D:10     | Found a shimmering blue altar of Sif Muna.
 11260 | D:10     | 11260 ||| Stepping ~*~*~tactically~*~*~ (stealth).
 11263 | D:10     | 11263 ||| Stepping ~*~*~tactically~*~*~ (hiding).
 11273 | D:10     | 11273 ||| Stepping ~*~*~tactically~*~*~ (stealth).
 11291 | D:10     | 11291 ||| Stepping ~*~*~tactically~*~*~ (stealth).
 11300 | D:10     | 11300 ||| Stepping ~*~*~tactically~*~*~ (stealth).
 11301 | D:10     | 11301 ||| Stepping ~*~*~tactically~*~*~ (stealth).
 11356 | D:10     | 11356 ||| FLEEEEING.
 11393 | D:10     | 11393 ||| Stepping ~*~*~tactically~*~*~ (hiding).
 11507 | D:10     | 11507 ||| INVOKING Berserk.
 11658 | D:10     | 11658 ||| INVOKING Berserk.
 11667 | D:10     | Found a staircase to the Orcish Mines.
 11931 | D:10     | Found a shadowy altar of Dithmenos.
 11932 | D:10     | Found a hazy altar of Hepliaklqana.
 11973 | D:11     | Noticed a boulder beetle
 11974 | D:11     | 11974 ||| INVOKING Brothers in Arms.
 11977 | D:11     | 11977 ||| INVOKING Berserk.
 11981 | D:11     | Noticed a cyclops
 11982 | D:11     | Killed a boulder beetle
 11992 | D:11     | Killed a cyclops
 11993 | D:11     | Reached skill level 11 in Axes
 12107 | D:11     | 12107 ||| INVOKING Berserk.
 12118 | D:11     | Noticed a centaur warrior
 12124 | D:11     | 12124 ||| INVOKING Brothers in Arms.
 12124 | D:11     | HP: 8/69 [centaur warrior/arrow (21)]
 12125 | D:11     | 12125 ||| READING 4 scrolls of teleportation.
 12126 | D:11     | 12126 ||| DRINKING 2 potions of heal wounds.
 12130 | D:11     | HP: 17/69 [acid dragon (6)]
 12131 | D:11     | 12131 ||| READING 3 scrolls of teleportation.
 12132 | D:11     | 12132 ||| DRINKING potion of heal wounds.
 12133 | D:11     | 12133 ||| Stepping ~*~*~tactically~*~*~ (hiding).
 12141 | D:11     | Killed a centaur warrior
 12293 | D:11     | 12293 ||| Stepping ~*~*~tactically~*~*~ (stealth).
 12310 | D:11     | 12310 ||| INVOKING Berserk.
 12489 | D:11     | Noticed a manticore
 12490 | D:11     | 12490 ||| Stepping ~*~*~tactically~*~*~ (hiding).
 12495 | D:11     | 12495 ||| INVOKING Berserk.
 12500 | D:11     | Killed a manticore
 12506 | D:11     | Noticed a fire dragon
 12507 | D:11     | 12507 ||| FLEEEEING.
 12601 | D:11     | 12601 ||| Stepping ~*~*~tactically~*~*~ (stealth).
 12619 | D:11     | 12619 ||| Stepping ~*~*~tactically~*~*~ (hiding).
 12621 | D:11     | 12621 ||| Stepping ~*~*~tactically~*~*~ (hiding).
 12625 | D:11     | 12625 ||| INVOKING Berserk.
 12635 | D:11     | Killed a fire dragon
 12635 | D:11     | Noticed a seven-headed hydra
 12646 | D:11     | HP: 24/103 [11-headed hydra (4)]
 12647 | D:11     | HP: 7/103 [12-headed hydra (8)]
 12647 | D:11     | HP: 3/103 [12-headed hydra (4)]
 12648 | D:11     | Killed a 13-headed hydra
 12653 | D:11     | 12653 ||| READING 2 scrolls of teleportation.
 12654 | D:11     | Noticed a seven-headed hydra
 12655 | D:11     | 12655 ||| INVOKING Brothers in Arms.
 12656 | D:11     | Noticed a two-headed ogre
 12657 | D:11     | 12657 ||| SWAPPING to +0 morningstar.
 12659 | D:11     | 12659 ||| READING scroll of teleportation.
 12659 | D:11     | HP: 3/69 [seven-headed hydra (1)]
 12659 | D:11     | Mangled by a seven-headed hydra

Levels and vault maps discovered:
D:1:      nzn_arrival_water_spiral, layout_loops_ring,
          nicolae_ecumenical_lake_church, minmay_hexomino_p4
D:2:      layout_loops_corners, minmay_misc_feat_room,
          kennysheep_cluttered_room, ebering_dispersal_statue_hall
D:3:      layout_loops_corners, mainiacjoe_overflow_cross_hatched,
          minmay_quantized
D:4:      layout_rooms, kennysheep_pointless_box
D:5:      layout_rooms, nicolae_uskayaw_en_pointe,
          mainiacjoe_overflow_six_doors_small, mainiacjoe_overflow_boulevard,
          minmay_misc_feat_hallway
D:6:      layout_loops_ring
D:7:      layout_basic, minmay_temple_entry_statues, serial_curves,
          eino_curves_03, eino_curves_02
D:8:      layout_cave_pools, elyvilon_altar_3
D:9:      layout_cave_pods, marbit_many_paths, mainiacjoe_overflow_brackets,
          mainiacjoe_overflow_two_lobes, grunt_ministairs_7, minivault_12
D:10:     layout_roguey, riverfiend_overflow_shadow_ancestor, led_sif_book,
          overflow_temple_1_default, erik_orc_1, nicolae_shop_i_like_big_books
D:11:     nzn_winding_woodlands_large [nzn_winding_woodlands_5x5_cross,
          nzn_winding_woodlands_5x15_pool, nzn_winding_woodlands_5x5_perimeter,
          nzn_winding_woodlands_center_pierced_h,
          nzn_winding_woodlands_15x15_five_gardens,
          nzn_winding_woodlands_center_garden,
          nzn_winding_woodlands_5x5_default,
          nzn_winding_woodlands_5x15_river_crossing,
          nzn_winding_woodlands_5x5_open_star], layout_basic

Skill      XL: |  1  2  3  4  5  6  7  8  9 10 11 |
---------------+----------------------------------+-----
Axes           | 3 4 5 7 8 9 10 11 | 11.0
Fighting       | 4 6 7 8 |  8.9
Throwing       | 2 |  2.2
Armour         | 4 5 6 7 8 |  8.4
Shields        | 6 9 10 | 10.0
Dodging        | 2 |  2.8

Action                   |  1- 3 |  4- 6 |  7- 9 | 10-12 || total
-------------------------+-------+-------+-------+-------++-------
Melee: Hand axe          |   117 |   127 |       |       ||   244
       Punch             |     1 |     1 |     1 |       ||     3
       War axe           |       |    39 |   229 |   226 ||   494
Throw: Boomerang         |       |    20 |    64 |    46 ||   130
Invok: Berserk           |     3 |     4 |     5 |    12 ||    24
       Brothers in Arms  |       |       |       |     3 ||     3
  Use: Scroll            |     4 |    11 |    10 |     7 ||    32
       Potion            |     1 |     4 |       |     3 ||     8
Armor: Animal skin       |    27 |       |       |       ||    27
       Ring mail         |       |    33 |       |       ||    33
       Chain mail        |       |    35 |    26 |       ||    61
       Plate armour      |       |       |   146 |   173 ||   319
Dodge: Dodged            |    65 |    62 |    91 |    57 ||   275
Block: Kite shield       |       |       |     8 |   129 ||   137

Table legend:
 A = Non-vault XP
 B = Vault XP
 C = Vault XP percentage of total XP
 D = Non-vault monster count
 E = Vault monster count
 F = Vault count percentage of total count
                 A         B        C        D         E       F
            +---------+---------+-------+---------+---------+-------
      Total |   11518 |    5471 |  32.2 |     226 |      37 |  14.1
            +---------+---------+-------+---------+---------+-------
        D:1 |      51 |       4 |   7.3 |      31 |       3 |   8.8
        D:2 |      62 |       0 |   0.0 |      16 |       0 |   0.0
        D:3 |      79 |      11 |  12.2 |      19 |       5 |  20.8
        D:4 |     363 |       0 |   0.0 |      18 |       0 |   0.0
        D:5 |     475 |       0 |   0.0 |      17 |       0 |   0.0
        D:6 |     899 |       0 |   0.0 |      13 |       0 |   0.0
        D:7 |    1026 |       0 |   0.0 |      24 |       0 |   0.0
        D:8 |     723 |       0 |   0.0 |      22 |       0 |   0.0
        D:9 |    2522 |    1040 |  29.2 |      22 |       3 |  12.0
       D:10 |    2920 |     584 |  16.7 |      38 |      17 |  30.9
       D:11 |    2398 |    3832 |  61.5 |       6 |       9 |  60.0
            +---------+---------+-------+---------+---------+-------
